 Dungeon Crawl Stone Soup version 0.30-a0-121-gb27577e5d9 (webtiles) character file.

Game seed: 13727427185314581378

987 ragingrage the Covert (level 8, -5/44 HPs)
             Began as a Kobold Brigand on Sept 14, 2022.
             Was a Believer of Zin.
             Splashed by a jelly's acid (6 damage)
             ... on level 5 of the Dungeon.
             The game lasted 00:04:44 (4881 turns).

ragingrage the Covert (Kobold Brigand)              Turns: 4881, Time: 00:04:44

Health: -5/44      AC: -3    Str:  9    XL:     8   Next: 41%
Magic:  6/8        EV: 14    Int: 14    God:    Zin [**....]
Gold:   144        SH:  0    Dex: 19    Spells: 7/7 levels left

rFire   . . .      SeeInvis .    a - +2 dagger
rCold   . . .      Faith    .    (no shield)
rNeg    . . .      Spirit   .    b - +0 robe
rPois   ∞          Reflect  .    (no helmet)
rElec   .          Harm     .    h - +2 cloak
rCorr   .          Rampage  .    (no gloves)
Will    .....                    (no boots)
Stlth   +++++.....               (no amulet)
HPRegen 0.14/turn                i - ring of wizardry
MPRegen 0.11/turn                (no ring)

@: vitalised, corroded
A: small, no large weapons, nightstalker 3
a: Renounce Religion, Recite, Vitalisation, Donate Gold


You were on level 5 of the Dungeon.
You worshipped Zin.
Zin was pleased with you.
You visited 1 branch of the dungeon, and saw 5 of its levels.

You collected 160 gold pieces.
You donated 16 gold pieces to Zin.

Inventory:

Hand Weapons
 a - a +2 dagger (weapon)
 r - a +2 dagger of holy wrath
Missiles
 d - 18 poisoned darts
 e - 6 curare-tipped darts (quivered)
 l - 5 boomerangs
 n - 6 atropa-tipped darts
Armour
 b - a +0 robe (worn)
 c - a scarf of repulsion
 h - a +2 cloak (worn)
Jewellery
 i - a ring of wizardry (left hand)
Wands
 u - a wand of iceblast (3)
Scrolls
 k - a scroll of acquirement {unknown}
 o - a scroll of teleportation {unknown}
 q - 2 scrolls of identify {unknown}
 v - a scroll of enchant weapon {unknown}
Potions
 f - a potion of mutation {unknown}
 g - 2 potions of resistance {unknown}
 j - 2 potions of lignification {unknown}
 m - 2 potions of curing {unknown}
 p - a potion of degeneration {unknown}
 s - a potion of brilliance {unknown}
 t - 2 potions of haste {unknown}


   Skills:
 - Level 2.1 Fighting
 + Level 7.5 Short Blades
 - Level 6.0 Throwing
 - Level 1.2 Dodging
 + Level 9.4 Stealth


You had 7 spell levels left.
You didn't know any spells.
Your spell library contained the following spells:

 Spells                   Type           Power      Damage    Failure   Level
 Magic Dart               Conj           0%         1d3       12%         1
 Call Imp                 Summ           0%         N/A       17%         2
 Gell's Gravitas          Tloc           0%         N/A       32%         3
 Lesser Beckoning         Tloc           0%         N/A       32%         3
 Mephitic Cloud           Conj/Pois/Air  0%         N/A       32%         3
 Teleport Other           Tloc           0%         N/A       32%         3


Dungeon Overview and Level Annotations

Branches:
Dungeon (5/15)             Temple (0/1) D:4

Altars:
Cheibriados
Yredelemnul
Zin


Innate Abilities, Weirdness & Mutations

You are small and have problems with some larger weapons.
You are completely attuned to the shadows.


Message History

Can't find anything matching that.
Unknown command.
(D) Dungeon (T) Temple
Where to? (Enter - D:4, ? - help)
There is a stone staircase leading down here.
You climb downwards.
Found 7 stones.
There is a stone staircase leading up here.
A jelly is nearby!
A jelly is nearby!
A jelly is nearby!
A jelly is nearby!
The jelly hits you.
You are splashed with acid!
You are too injured to fight recklessly!
You hit the jelly.
Your hands burn!
The jelly is moderately wounded.
You hit the jelly but do no damage.
Your hands burn!
The jelly is moderately wounded.
The jelly closely misses you.
You hit the jelly.
Your hands burn!
The jelly is heavily wounded.
The jelly closely misses you.
You hit the jelly. The acid corrodes you!
Your hands burn!
The jelly is severely wounded.
You hit the jelly. The acid corrodes you!
Your hands burn!
The jelly is severely wounded.
The jelly barely misses you.
You hit the jelly but do no damage.
Your hands burn!
* * * LOW HITPOINT WARNING * * *
The jelly is severely wounded.
The jelly hits you.
* * * LOW HITPOINT WARNING * * *
You are splashed with acid!
* * * LOW HITPOINT WARNING * * *
Zin grants you divine stamina.
You can no longer call upon Zin to imprison the lawless.
The jelly hits you.
* * * LOW HITPOINT WARNING * * *
You are splashed with acid.
You die...

##.......
###.......
###.......
..........
#.<@....
#...J...
#.......
......#.#
(.#...#.#


You could see a jelly.

Vanquished Creatures
  Grinder (D:3)
  Eustachio (D:4)
  A black bear (D:4)
  An ogre (D:4)
  A centaur (D:4)
  A phantom (D:4)
  A jelly (D:4)
  Crazy Yiuf (D:2)
  Jessica (D:2)
  An orc wizard (D:4)
  10 adders
  4 worms
  A dart slug (D:1)
  9 orcs
  7 bats
  9 endoplasms
  4 giant cockroaches
  10 hobgoblins
  5 quokkas
  16 ball pythons
  A frilled lizard (D:2)
  8 goblins
  8 kobolds
  3 rats
105 creatures vanquished.

Notes
Turn   | Place    | Note
-------+----------+-------------------------------------------
     0 | D:1      | ragingrage the Kobold Brigand began the quest for the Orb.
     0 | D:1      | Reached XP level 1. HP: 12/12 MP: 1/1
   214 | D:1      | Reached XP level 2. HP: 17/17 MP: 2/2
   563 | D:1      | Reached XP level 3. HP: 21/21 MP: 3/3
  1251 | D:2      | Found a faded altar of an unknown god.
  1263 | D:2      | Reached skill level 6 in Stealth
  1263 | D:2      | Reached XP level 4. HP: 23/26 MP: 4/4
  1408 | D:2      | Noticed Jessica
  1412 | D:2      | Killed Jessica
  1413 | D:2      | Reached XP level 5. HP: 30/30 MP: 5/5
  1849 | D:2      | Prayed at the altar of an unknown god.
  1849 | D:2      | Became a worshipper of Zin the Law-Giver
  1849 | D:2      | Reached * piety under Zin
  2528 | D:2      | Found a runed translucent door.
  2531 | D:2      | Noticed Crazy Yiuf
  2536 | D:2      | Killed Crazy Yiuf
  2537 | D:2      | Reached skill level 7 in Stealth
  2757 | D:3      | Noticed Grinder
  2762 | D:3      | Paralysed by Grinder for 4 turns
  2768 | D:3      | Killed Grinder
  2769 | D:3      | Reached skill level 5 in Short Blades
  2769 | D:3      | Reached XP level 6. HP: 26/35 MP: 6/6
  2769 | D:3      | Reached XP level 7. HP: 29/40 MP: 7/7
  3018 | D:3      | Reached ** piety under Zin
  3412 | D:3      | Found a snail-covered altar of Cheibriados.
  3768 | D:4      | Reached skill level 8 in Stealth
  3771 | D:4      | Reached skill level 5 in Throwing
  4032 | D:4      | Found a basalt altar of Yredelemnul.
  4170 | D:4      | Found a staircase to the Ecumenical Temple.
  4209 | D:4      | Noticed Eustachio
  4228 | D:4      | Killed Eustachio
  4229 | D:4      | Reached skill level 9 in Stealth
  4229 | D:4      | Reached XP level 8. HP: 29/44 MP: 8/8
  4524 | D:4      | Reached *** piety under Zin
  4873 | D:5      | Entered Level 5 of the Dungeon
  4880 | D:5      | HP: 1/44 [acid (8)]
  4881 | D:5      | Splashed by a jelly's acid

Illustrated notes

Levels and vault maps discovered:
D:1:      shiori_arrival_maze, layout_basic
D:2:      minmay_thinvault, layout_basic, nicolae_ecumenical_snake_handling,
          uniq_crazy_yiuf_cottage, uniq_jessica
D:3:      layout_basic, mainiacjoe_overflow_chevrons, minivault_19,
          dk_vineyard_3, uniq_grinder
D:4:      layout_rooms, mainiacjoe_overflow_cross_hatched, temple_doors_e,
          uniq_eustachio
D:5:      layout_basic, pdpol_temple_overflow_zin_treasury_gozag_greed,
          cheibrodos_ashenzari_chains

Skill      XL: |  1  2  3  4  5  6  7  8 |
---------------+-------------------------+-----
Short Blades   | 3 4 5 7 |  7.5
Throwing       | 3 4 5 6 |  6.0
Stealth        | 6 7 9 |  9.4
Fighting       | |  2.1
Dodging        | |  1.2

Action                   |  1- 3 |  4- 6 |  7- 9 || total
-------------------------+-------+-------+-------++-------
Melee: Dagger            |    70 |    63 |   138 ||   271
       Punch             |       |       |     1 ||     1
Throw: Dart              |       |       |     7 ||     7
Invok: Vitalisation      |       |       |     1 ||     1
 Stab: Sleeping          |    21 |    18 |    18 ||    57
       Distracted        |     1 |     1 |       ||     2
Armor: Robe              |     6 |    11 |    25 ||    42
Dodge: Dodged            |    27 |    22 |    66 ||   115

Table legend: (Time is in decaauts)
 A = Elapsed time spent in this place.
 B = Non-inter-level travel time spent in this place.
 C = Inter-level travel time spent in this place.
 D = Time resting spent in this place.
 E = Time spent auto-exploring this place.
 F = Levels seen in this place.
 G = Mean time per level.
                   A        B        C        D        E       F      G
               +--------+--------+--------+--------+--------+-----+--------+
         Total |   4810 |   4587 |    223 |    746 |   3191 |   5 |  962.0 |
       Dungeon |   4810 |   4587 |    223 |    746 |   3191 |   5 |  962.0 |
               +--------+--------+--------+--------+--------+-----+--------+

Top non-repeatable levels by time:
     D:2: 1763 daAuts
     D:3: 1113 daAuts
     D:4: 973 daAuts
     D:1: 955 daAuts
     D:5: 5 daAuts
